 Dungeon Crawl Stone Soup version 0.27-a0-789-g6bb3289e1e (webtiles) character file.

Game seed: 13478770381352819372

102 polve the Slasher (level 4, 0/35 HPs)
             Began as a Demonspawn Abyssal Knight on Mar 26, 2021.
             Was a Follower of Lugonu.
             Slain by a hobgoblin (2 damage)
             ... led by Robin
             ... on level 2 of the Dungeon.
             The game lasted 00:01:38 (2157 turns).

polve the Slasher (Demonspawn Abyssal Knight)       Turns: 2157, Time: 00:01:39

Health: 0/35       AC:  3    Str: 12    XL:     4   Next: 50%
Magic:  5/5        EV: 11    Int: 14    God:    Lugonu [*.....]
Gold:   78         SH:  0    Dex: 13    Spells: 3/3 levels left

rFire    . . .     SeeInvis .   a - +1 falchion
rCold    . . .     Faith    .   (no shield)
rNeg     . . .     Spirit   .   b - +0 leather armour
rPois    .         Reflect  .   (helmet restricted)
rElec    .         Harm     .   (no cloak)
rCorr    .         Rampage  .   (no gloves)
Will     .....                  (no boots)
Stlth    +.........             (no amulet)
HPRegen  0.11/turn              (no ring)
MPRegen  0.09/turn              (no ring)

@: no status effects
A: antennae 2
a: Renounce Religion, Depart the Abyss


You were on level 2 of the Dungeon.
You worshipped Lugonu.
Lugonu was aware of your devotion.
You visited 1 branch of the dungeon, and saw 2 of its levels.
You visited the Abyss 1 time.

You collected 78 gold pieces.

Inventory:

Hand Weapons
 a - a +1 falchion (weapon)
Armour
 b - a +0 leather armour (worn)
Scrolls
 c - a scroll of enchant armour {unknown}
 d - a scroll of immolation {unknown}
 e - a scroll of fog {unknown}
 f - 2 scrolls of identify {unknown}
 g - a scroll of teleportation {unknown}


   Skills:
 - Level 3.0 Fighting
 + Level 4.4 Long Blades
 - Level 1.7 Armour
 - Level 0.8 Dodging
 - Level 2.4 Invocations


You had 3 spell levels left.
You didn't know any spells.
Your spell library was empty.

Dungeon Overview and Level Annotations

Branches:
Dungeon (2/15)

Altars:

Annotations:
D:2 Robin


Innate Abilities, Weirdness & Mutations

You have a pair of antennae on your head.


Message History

The goblin completely misses you. Robin throws the goblin at you!
You closely miss Robin. The goblin hits you with a +0 dagger.
Robin hits you but does no damage.
You hit Robin.
Robin is moderately wounded.
The hobgoblin completely misses you. The goblin misses you. Robin misses you.
You closely miss Robin.
Robin is moderately wounded.
The hobgoblin hits you! The goblin hits you but does no damage.
Robin barely misses you.
You hit Robin but do no damage.
Robin is moderately wounded.
The hobgoblin closely misses you. The goblin closely misses you.
The hobgoblin closely misses you.
Robin says, "Feeling lonely?"
Robin hits you with a +0 dagger.
You are too injured to fight recklessly!
You are too injured to fight recklessly!
You barely miss the goblin. The hobgoblin hits you.
The goblin closely misses you. The hobgoblin hits you.
Robin hits you but does no damage.
You slash the goblin!
You kill the goblin!
Lugonu accepts your kill. The hobgoblin hits you.
* * * LOW HITPOINT WARNING * * *
The hobgoblin hits you!
* * * LOW HITPOINT WARNING * * *
Robin barely misses you.
You see here a +0 dagger.
Things that are here:
a +0 club; a +0 dagger; a goblin corpse The hobgoblin no longer looks unusually strong.
Things that are here:
a +0 club; a goblin corpse Robin roars a battlecry!
The hobgoblin goes into a battle-frenzy!
There is a stone staircase leading up here.
The hobgoblin hits you.
You die...

..# #.# ## #.# #
##.. #####.##.#
#.<... #...)....#
.... #.##)#
.###..# #.#g#
.......## ##{.#
#.##@###{###
#.###g#.##
#.###.###.g##
#.........##
######.#####
##...##†####
##.........$#
............#.#
..##........#.####
###


You could see 2 hobgoblins.

Vanquished Creatures
  Natasha (twice) (D:2)
  An adder (D:2)
  A worm (D:2)
  A dart slug (D:1)
  3 ball pythons
  2 endoplasms
  A giant cockroach (D:1)
  10 goblins
  2 hobgoblins (D:2)
  6 jackals (D:1)
  3 kobolds (D:1)
  A quokka (D:1)
  A bat (D:1)
  2 rats (D:1)
36 creatures vanquished.

Notes
Turn   | Place    | Note
-------+----------+-------------------------------------------
     0 | Abyss:1  | polve the Demonspawn Abyssal Knight began the quest for the
                  | Orb.
     0 | Abyss:1  | Reached XP level 1. HP: 18/18 MP: 2/2
    72 | Abyss:1  | Found a corrupted altar of Lugonu.
   132 | Abyss:1  | Noticed a thrashing horror
   133 | D:1      | Escaped the Abyss
   170 | D:1      | Reached skill level 2 in Long Blades
   287 | D:1      | Reached * piety under Lugonu
   328 | D:1      | Gained mutation: You have a pair of small antennae on your
                  | head. [demonic ancestry]
   328 | D:1      | Reached XP level 2. HP: 22/24 MP: 3/3
   721 | D:1      | Reached skill level 3 in Long Blades
  1089 | D:1      | Gained mutation: You have a pair of antennae on your head.
                  | [demonic ancestry]
  1089 | D:1      | Reached XP level 3. HP: 29/29 MP: 4/4
  1390 | D:2      | Noticed Natasha
  1398 | D:2      | Killed Natasha
  1542 | D:2      | Noticed Natasha
  1553 | D:2      | Killed Natasha
  1554 | D:2      | Reached skill level 4 in Long Blades
  1554 | D:2      | Reached XP level 4. HP: 20/35 MP: 5/5
  2138 | D:2      | Noticed Robin
  2149 | D:2      | HP: 1/35 [hobgoblin[Robin] (8)]
  2157 | D:2      | Slain by a hobgoblin

Illustrated notes

Levels and vault maps discovered:
D:1:      minmay_arrival_nine_rooms, layout_rooms
D:2:      layout_loops_corners, nicolae_overflow_crystal_walls, uniq_robin,
          uniq_crazy_yiuf_cottage, uniq_natasha

Skill      XL: |  1  2  3 |
---------------+----------+-----
Long Blades    | 2 3 4 |  4.4
Fighting       | |  3.0
Armour         | |  1.7
Dodging        | |  0.8
Invocations    | |  2.4

Action                   |  1- 3 |  4- 6 || total
-------------------------+-------+-------++-------
Melee: Falchion          |    85 |    32 ||   117
Invok: Depart the Abyss  |     1 |       ||     1
Armor: Leather armour    |    18 |     5 ||    23
Dodge: Dodged            |    62 |    22 ||    84
       Rpst.: Falchion   |    16 |     4 ||    20

Table legend: (Time is in decaauts)
 A = Elapsed time spent in this place.
 B = Non-inter-level travel time spent in this place.
 C = Inter-level travel time spent in this place.
 D = Time resting spent in this place.
 E = Time spent auto-exploring this place.
 F = Levels seen in this place.
 G = Mean time per level.
                   A        B        C        D        E       F      G
               +--------+--------+--------+--------+--------+-----+--------+
         Total |   2173 |   2133 |     40 |    125 |   1751 |   3 |  724.3 |
       Dungeon |   2040 |   2000 |     40 |    125 |   1619 |   2 | 1020.0 |
         Abyss |    133 |    133 |      0 |      0 |    132 |   1 |  133.0 |
               +--------+--------+--------+--------+--------+-----+--------+

Top non-repeatable levels by time:
     D:1: 1225 daAuts
     D:2: 814 daAuts
 Abyss:1: 133 daAuts
